Unix NetHack Version 3.7.0-102 Work-in-progress - last build Apr 6 2024 13:22:21 (d302a6a9ff6341f1a922d8f5af178406b35fdf99,branch:master). Game began 2024-04-15 13:03:49, ended 2024-04-15 13:19:56. Raisse, lawful female dwarven Archeologist ----- ########## |...| #--------.-- --------------- |...-#####|.........| |.............| |...| |.........| # |.............| |.... |.........|############dh##............<.| -.--- |.>.}}}...|# # # ---------.----- ## |...}}}...|# # ## |...}}}....# # # #|..........# # # ####-.........|### --.--# #..........|#-|--------- |....# -----------#-..`......| |...| ##|._.......| |...| #|......o..| |.... #----------- |.d.| 0## |... ----- Raisse the Field Worker St:15 Dx:12 Co:14 In:13 Wi:12 Ch:10 Lawful Dlvl:6 $:2449 HP:0(32) Pw:10(10) AC:9 Xp:4/82 T:1629 Latest messages: q - 2 uncursed lichen corpses. K - an uncursed scroll labeled JUYED AWK YACC. r - an uncursed black potion. B - an uncursed clear potion. p - an uncursed fizzy potion. G - an uncursed potion called eff 150/200. E - an uncursed towel. You see here a statue of a hill orc. What do you want to name? [adeijlp-rtx-zABEG-K or ?*] J What do you want to name this food ration named pc? What do you want to adjust? [adeijlp-rtx-zABEG-K or ?*] R You don't have that object. What do you want to adjust? [adeijlp-rtx-zABEG-K or ?*] E Adjust letter to what [bcf-hkm-osu-wC-FL-Z] (? see used letters)? h Moving: h - an uncursed towel. The door resists! The door opens. You start digging. You hit the rock with all your might. You succeed in cutting away some rock. You hear a jackal howling at the moon. You start digging. You hit the rock with all your might. You stop digging. The werejackal bites! You feel feverish. You hit the werejackal. The werejackal bites! You hit the werejackal! The werejackal bites! The werejackal changes into a human. You hit the werejackal! The werejackal hits! You hit the werejackal. The werejackal hits! You hit the werejackal. The werejackal changes into a jackal. The werejackal bites! You hit the werejackal. The werejackal bites! You hit the werejackal. The werejackal bites! You miss the werejackal. The werejackal bites! You hit the werejackal. The werejackal bites! You die... Do you want your possessions identified? [ynq] (y) y Do you want to see your attributes? [ynq] (y) y Do you want an account of creatures vanquished? [ynaq] (y) q Inventory: Coins $ - 2449 gold pieces Weapons a - an uncursed +2 bullwhip y - an uncursed corroded +0 orcish dagger I - 8 cursed -1 arrows Armor A - an uncursed +0 leather jacket (being worn) H - an uncursed +0 fedora (being worn) Comestibles e - 3 uncursed food rations q - 2 uncursed lichen corpses J - a cursed food ration Scrolls K - an uncursed scroll of enchant armor Potions j - an uncursed potion of gain energy p - an uncursed potion of healing r - an uncursed potion of speed B - an uncursed potion of water G - an uncursed potion of monster detection Rings z - an uncursed ring of poison resistance (on right hand) Tools d - an uncursed +0 pick-axe (weapon in right hand) h - an uncursed towel i - an uncursed magic marker (0:21) l - an uncursed tinning kit (0:51) x - an empty uncursed sack Gems/Stones t - an uncursed touchstone Raisse the Archeologist's attributes: Background: You were a Field Worker, a level 4 female dwarven Archeologist. You were lawful, on a mission for Quetzalcoatl who was opposed by Camaxtli (neutral) and Huhetotl (chaotic). You were right-handed. You were in the Dungeons of Doom, on level 6. You entered the dungeon 1629 turns ago. You had 82 experience points, 78 more were needed to attain level 5. Basics: You had 0 out of 32 hit points. You had all 10 energy points (spell power). Your armor class was 9. Your wallet contained 2449 zorkmids. Autopickup was on for '$!?/"=+' plus thrown, with exceptions. Final Characteristics: Your strength was 15 (limit:18/100). Your dexterity was 12 (limit:20). Your constitution was 14 (limit:20). Your intelligence was 13 (limit:16). Your wisdom was 12 (limit:16). Your charisma was 10 (limit:16). Final Status: You weren't hungry. You were unencumbered. You were wielding a pick-axe. You had basic skill with pick-axe. Final Attributes: You were devoutly aligned. You were poison resistant. You were level-drain resistant. You had automatic searching. You had infravision. You were a werejackal. You were harmed by silver. You are dead. Miscellaneous: You never encountered a bones level. Total elapsed playing time was 16 minutes and 7 seconds. Major events: Turn 1: Raisse the lawful female dwarven Archeologist entered the dungeon 859: entered the Gnomish Mines 1214: attained the rank of Field Worker (level 3) 1629: killed by a werejackal Vanquished creatures: a shrieker 2 giant ants a kobold leader an iguana a manes a cave spider a gnome zombie a jackal 2 kobolds a goblin 2 grid bugs 8 lichens 4 newts 26 creatures vanquished. No species were genocided or became extinct. Voluntary challenges: You read items or engraved 1 time. You never engraved Elbereth. You never genocided any monsters. You never polymorphed an object. You never changed form. You used no wishes. Achievements: You entered the Gnomish Mines. You entered a shop. You attained the rank of Field Worker. The Dungeons of Doom: levels 1 to 6 Level 1: Level 2: A fountain. Stairs down to The Gnomish Mines. Level 3: A sink. Level 4: Level 5: Level 6: <- You were here. An altar to Quetzalcoatl. Final resting place for you, killed by a werejackal. The Gnomish Mines: Level 3: Game over: ---------- / \ / REST \ / IN \ / PEACE \ / \ | Raisse | | 2449 Au | | killed by a | | werejackal | | | | | | 2024 | *| * * * | * _________)/\\_//(\/(/\)/\//\/|_)_______ Goodbye Raisse the Archeologist... You died in The Dungeons of Doom on dungeon level 6 with 2793 points, and 2449 pieces of gold, after 1629 moves. You were level 4 with a maximum of 32 hit points when you died.